Blackdemons vs Demolitions
Created - 17 février 2014 at 19:52
Goals
|
| Blackdemons |
2 |
3 |
2 |
7 |
| Demolitions |
4 |
5 |
0 |
9 |
|
Shots
|
| Blackdemons |
13 |
15 |
12 |
40 |
| Demolitions |
12 |
28 |
4 |
44 |
|
1st period
1. Demolitions , Marcel Hossa 39 (Matt Corrente, T.J. Hensick) at 0:12
2. Demolitions , Ryan Craig 22 (Robert Bortuzzo) at 6:34
3. Blackdemons , Shawn Matthias 14 (Tomas Kopecky) at 9:42
4. Blackdemons , Denis Hamel 18 (Shawn Matthias, Steve Oleksy) at 14:05
5. Demolitions , Ryan Craig 23 (Brandon Bochenski, Troy Brouwer) at 15:59
6. Demolitions , Anthony Stewart 31 (Marcel Hossa, T.J. Hensick) at 18:42
Penalties :
No Penalty
2nd period
7. Blackdemons , Denis Hamel 19 (Steve Oleksy, Shawn Matthias) at 0:32
8. Blackdemons , Nate Prosser 7 (Tomas Kopecky, Sam Gagner) at 0:46 (PP)
9. Demolitions , Cal Clutterbuck 11 (Petr Vrana, Anton Babchuk) at 2:11
10. Demolitions , Anton Babchuk 2 (T.J. Hensick, Anthony Stewart) at 2:24
11. Demolitions , Ryan Craig 24 (Brandon Bochenski, Anton Babchuk) at 2:57
12. Demolitions , Nicolas Blanchard 7 (Bobby Butler, Anton Babchuk) at 11:15
13. Demolitions , Anthony Stewart 32 (Marcel Hossa, T.J. Hensick) at 14:40 (PP)
14. Blackdemons , Antoine Roussel 30 (Sam Gagner, Enver Lisin) at 16:33
Penalties :
Matt Corrente (Vic) for Cross-checking (Minor) at 0:35, Antoine Roussel (MJM) for Hooking (Minor) at 5:30, Nicholas D'Agostino (Vic) for Interference (Minor) at 8:53, Tomas Kopecky (MJM) for Roughing (Minor) at 14:05, Denis Hamel (MJM) for Slashing (Minor) at 18:06
3rd period
15. Blackdemons , Denis Hamel 20 (Enver Lisin, Shawn Matthias) at 2:50 (PP)
16. Blackdemons , Antoine Roussel 31 (Enver Lisin, Sam Gagner) at 6:27
Penalties :
Anssi Salmela (Vic) for Slashing (Minor) at 2:15, Matt Corrente (Vic) for Holding (Minor) at 9:48, Marc-André Cliche (MJM) for Roughing (Minor) at 16:03
Goalie Stats
Kevin Weekes (MJM), 5 saves from 9 shots - (0,556), L, 18-7-3, 12:33 minutes
Marc Denis (MJM), 30 saves from 35 shots - (0,857), 47:27 minutes
Chad Johnson (Vic), 33 saves from 40 shots - (0,825), W, 14-9-2, 60:00 minutes
Players Stats for Blackdemons
Player Name G A P +/- PIM S H SB GA TA FO MP PP MP PK MP
------------------------------------------------------------------------------------
Andrew MacDonald 0 0 0 -2 0 1 1 4 0 1 0/0 16:30 1:54 0:00
Antoine Roussel 2 0 2 -1 2 5 1 2 0 0 0/0 19:09 2:31 0:56
Denis Hamel 3 0 3 2 2 3 6 2 0 0 0/0 19:26 2:06 1:27
Enver Lisin 0 3 3 -1 0 4 2 0 0 0 1/2 18:52 2:06 1:32
Frazer Mclaren 0 0 0 -2 0 1 1 0 0 0 0/0 8:17 0:00 0:00
Jakub Kindl 0 0 0 -2 0 0 0 2 1 0 0/0 18:50 1:54 2:20
Marc-André Cliche 0 0 0 -2 2 3 0 0 0 0 0/2 9:21 0:02 0:00
Matt Calvert 0 0 0 -2 0 0 1 0 0 0 0/0 9:28 0:09 0:00
Matt Hunwick 0 0 0 1 0 4 0 2 0 2 0/0 17:28 0:00 2:20
Michael Haley 0 0 0 -2 0 1 0 0 0 1 1/1 9:15 0:00 0:58
Michael Kostka 0 0 0 -2 0 4 2 0 1 2 0/0 26:02 2:50 4:12
Mike Duco 0 0 0 -2 0 0 0 0 0 0 0/0 8:17 0:00 0:00
Nate Prosser 1 0 1 -2 0 2 1 1 1 0 0/0 26:02 2:50 4:12
Sam Gagner 0 3 3 -1 0 1 1 0 0 0 15/27 19:00 2:36 0:30
Shawn Matthias 1 3 4 2 0 2 2 3 0 0 11/25 21:57 2:06 4:05
Steve Oleksy 0 2 2 1 0 1 1 2 0 0 0/0 15:08 0:00 0:00
Steven Zalewski 0 0 0 -2 0 3 0 2 0 0 2/3 8:17 0:00 0:00
Tomas Kopecky 0 2 2 2 2 5 1 0 2 0 1/2 22:05 2:36 3:36
Players Stats for Demolitions
Player Name G A P +/- PIM S H SB GA TA FO MP PP MP PK MP
------------------------------------------------------------------------------------
Anssi Salmela 0 0 0 0 2 1 2 1 0 1 0/0 20:08 2:17 2:07
Anthony Stewart 2 1 3 1 0 4 0 0 0 0 3/3 20:29 3:26 1:00
Anton Babchuk 1 3 4 3 0 5 1 2 0 0 0/0 28:14 4:15 2:37
Bobby Butler 0 1 1 1 0 1 0 1 1 0 1/1 10:54 0:09 0:00
Brandon Bochenski 0 2 2 1 0 1 1 0 0 0 0/0 15:52 2:57 0:00
Cal Clutterbuck 1 0 1 0 0 3 0 0 1 0 0/0 8:33 0:00 0:00
Jordan LaVallee 0 0 0 0 0 0 0 0 0 0 0/0 0:49 0:00 0:49
Josh Beaulieu 0 0 0 0 0 0 0 0 0 0 0/0 0:00 0:00 0:00
Kyle Wharton 0 0 0 0 0 1 0 1 0 1 0/0 20:24 2:17 1:25
Marc-André Bernier 0 0 0 1 0 1 2 1 1 0 0/0 11:01 0:09 0:00
Marcel Hossa 1 2 3 1 0 9 1 1 0 1 0/2 22:42 3:26 2:55
Masi Marjamaki 0 0 0 0 0 0 0 0 0 0 0/0 0:00 0:00 0:00
Matt Corrente 0 1 1 2 4 2 2 1 0 0 0/0 25:17 4:15 1:27
Nicholas D'Agostino 0 0 0 0 2 0 1 0 0 1 0/0 12:29 0:00 1:10
Nick Pryor 0 0 0 1 0 0 0 0 0 0 0/0 3:20 0:00 0:42
Nicolas Blanchard 1 0 1 1 0 3 1 3 0 0 2/3 10:21 0:00 0:00
Petr Vrana 0 1 1 0 0 4 2 0 1 0 0/1 9:39 0:00 0:49
Robert Bortuzzo 0 1 1 0 0 0 1 2 0 0 0/0 10:40 0:00 0:00
Robert Klinkhammer 0 0 0 0 0 0 0 0 0 0 0/0 0:00 0:00 0:00
Ryan Craig 3 0 3 1 0 6 2 0 0 0 7/12 15:51 2:57 0:00
Spencer Machacek 0 0 0 0 0 0 0 0 0 0 0/0 0:00 0:00 0:00
T.J. Hensick 0 4 4 1 0 2 0 0 2 0 16/35 22:51 3:35 2:55
Troy Brouwer 0 1 1 1 0 1 2 0 0 1 0/0 17:05 2:57 1:00
Vince Rocco 0 0 0 0 0 0 0 0 0 0 2/5 8:33 0:00 0:00
3 Stars
1 - Denis Hamel (MJM)
2 - Ryan Craig (Vic)
3 - Anton Babchuk (Vic)
Power Play
Blackdemons - 2 on 4 Attempt(s) - 50,00%
Demolitions - 1 on 4 Attempt(s) - 25,00%
Penalty Kill
Blackdemons - 3 on 4 Attempt(s) - 75,00%
- Score 0 goal in Penalty Kill
Demolitions - 2 on 4 Attempt(s) - 50,00%
- Score 0 goal in Penalty Kill
Official
Referees : Charron Francis and Fraser Kerry
Linesman : Thor Nelson and David Brisebois
Game Notes
Kevin Weekes enters game at 18:42 of 1st period
Ryan Craig has scored a Hat Trick!
Marc Denis enters game at 11:15 of 2nd period
Denis Hamel has scored a Hat Trick!
Finance
Level 1 -- Attendance: 1436 (71,80%) -- Ticket Income 50 260 $
Level 2 -- Attendance: 766 (76,60%) -- Ticket Income 11 490 $
Total Attendance: 2202 (73,40%)
Total Ticket Income: 61 750 $
Other Income: 3 088 $
Total Income: 64 838 $
Blackdemons
5 vs 5 Forward
Center Left Wing Right Wing Time % Phy DF OF
1 Sam Gagner Antoine Roussel Enver Lisin 40 0 2 3
2 Shawn Matthias Denis Hamel Tomas Kopecky 40 2 2 1
3 Marc-André Cliche Matt Calvert Mike Duco 10 1 3 1
4 Steven Zalewski Michael Haley Frazer Mclaren 10 2 3 0
5 vs 5 Defense
Defense Defense Time % Phy DF OF
1 Michael Kostka Nate Prosser 35 1 3 1
2 Andrew MacDonald Jakub Kindl 30 1 3 1
3 Matt Hunwick Steve Oleksy 30 1 3 1
4 Michael Kostka Nate Prosser 5 1 1 3
PowerPlay Forward
Center Left Wing Right Wing Time % Phy DF OF
1 Sam Gagner Antoine Roussel Tomas Kopecky 60 1 0 4
2 Shawn Matthias Denis Hamel Enver Lisin 40 1 0 4
PowerPlay Defense
Defense Defense Time % Phy DF OF
1 Michael Kostka Nate Prosser 60 1 1 3
2 Andrew MacDonald Jakub Kindl 40 1 2 2
Penalty Kill 4 Players Forward
Center Wing Time % Phy DF OF
1 Shawn Matthias Tomas Kopecky 60 1 3 1
2 Enver Lisin Antoine Roussel 40 1 3 1
Penalty Kill 4 Players Defense
Defense Defense Time % Phy DF OF
1 Michael Kostka Nate Prosser 60 1 3 1
2 Matt Hunwick Jakub Kindl 40 1 4 0
Penalty Kill - 3 Players Forward
Forward Time % Phy DF OF
1 Tomas Kopecky 60 1 4 0
2 Enver Lisin 40 0 5 0
Penalty Kill - 3 Players Defense
Defense Defense Time % Phy DF OF
1 Michael Kostka Nate Prosser 60 1 4 0
2 Matt Hunwick Jakub Kindl 40 1 4 0
4 vs 4 Forward
Center Wing Time % Phy DF OF
1 Shawn Matthias Antoine Roussel 60 1 2 2
2 Sam Gagner Tomas Kopecky 40 1 2 2
4 vs 4 Defense
Defense Defense Time % Phy DF OF
1 Matt Hunwick Jakub Kindl 60 1 3 1
2 Michael Kostka Nate Prosser 40 1 3 1
Last Minutes Offensive
Center Left Wing Right Wing Defense Defense
Sam Gagner Antoine Roussel Enver Lisin Michael Kostka Nate Prosser
Last Minutes Defensive
Center Left Wing Right Wing Defense Defense
Tomas Kopecky Antoine Roussel Enver Lisin Michael Kostka Nate Prosser
Goaltenders
Starting : Marc Denis
Backup : Kevin Weekes
Extra Forwards
Normal : Marc-André Cliche, Matt Calvert, Shawn Matthias - PP : Matt Calvert, Marc-André Cliche - PK : Denis Hamel
Extra Defensemen
Normal : Matt Hunwick, Andrew MacDonald, Steve Oleksy - PP : Matt Hunwick - PK : Andrew MacDonald, Steve Oleksy
Penalty Shots
Antoine Roussel, Enver Lisin, Tomas Kopecky, Shawn Matthias, Denis Hamel
Demolitions
5 vs 5 Forward
Center Left Wing Right Wing Time % Phy DF OF
1 T.J. Hensick Marcel Hossa Anthony Stewart 40 1 2 2
2 Ryan Craig Troy Brouwer Brandon Bochenski 30 1 2 2
3 Nicolas Blanchard Bobby Butler Marc-André Bernier 20 1 2 2
4 Vince Rocco Petr Vrana Cal Clutterbuck 10 1 2 2
5 vs 5 Defense
Defense Defense Time % Phy DF OF
1 Anton Babchuk Matt Corrente 40 1 2 2
2 Anssi Salmela Kyle Wharton 30 1 2 2
3 Robert Bortuzzo Nicholas D'Agostino 20 1 2 2
4 Nick Pryor Anton Babchuk 10 1 2 2
PowerPlay Forward
Center Left Wing Right Wing Time % Phy DF OF
1 T.J. Hensick Marcel Hossa Anthony Stewart 60 1 2 2
2 Ryan Craig Troy Brouwer Brandon Bochenski 40 1 2 2
PowerPlay Defense
Defense Defense Time % Phy DF OF
1 Anton Babchuk Matt Corrente 60 1 2 2
2 Anssi Salmela Kyle Wharton 40 1 2 2
Penalty Kill 4 Players Forward
Center Wing Time % Phy DF OF
1 T.J. Hensick Marcel Hossa 60 1 2 2
2 Anthony Stewart Troy Brouwer 40 1 2 2
Penalty Kill 4 Players Defense
Defense Defense Time % Phy DF OF
1 Anton Babchuk Matt Corrente 60 1 2 2
2 Anssi Salmela Kyle Wharton 40 1 2 2
Penalty Kill - 3 Players Forward
Forward Time % Phy DF OF
1 T.J. Hensick 60 1 2 2
2 Marcel Hossa 40 1 2 2
Penalty Kill - 3 Players Defense
Defense Defense Time % Phy DF OF
1 Anton Babchuk Matt Corrente 60 1 2 2
2 Anssi Salmela Kyle Wharton 40 1 2 2
4 vs 4 Forward
Center Wing Time % Phy DF OF
1 T.J. Hensick Marcel Hossa 60 1 2 2
2 Anthony Stewart Troy Brouwer 40 1 2 2
4 vs 4 Defense
Defense Defense Time % Phy DF OF
1 Anton Babchuk Matt Corrente 60 1 2 2
2 Anssi Salmela Kyle Wharton 40 1 2 2
Last Minutes Offensive
Center Left Wing Right Wing Defense Defense
T.J. Hensick Marcel Hossa Anthony Stewart Anton Babchuk Matt Corrente
Last Minutes Defensive
Center Left Wing Right Wing Defense Defense
T.J. Hensick Marcel Hossa Anthony Stewart Anton Babchuk Matt Corrente
Goaltenders
Starting : Chad Johnson
Backup : Antero Niittymaki
Extra Forwards
Normal : Bobby Butler, Marc-André Bernier, Petr Vrana - PP : Bobby Butler, Marc-André Bernier - PK : Petr Vrana
Extra Defensemen
Normal : Robert Bortuzzo, Nicholas D'Agostino, Nick Pryor - PP : Robert Bortuzzo - PK : Nicholas D'Agostino, Nick Pryor
Penalty Shots
T.J. Hensick, Marcel Hossa, Anthony Stewart, Troy Brouwer, Ryan Craig
% Time on Ice - Blackdemons
Lines # - Real PCT - Wanted PCT - Time Play
Normal Forward
1 - 34% - 40% - 16:31
2 - 32% - 40% - 15:39
3 - 17% - 10% - 8:17
4 - 17% - 10% - 8:17
Normal Defense
1 - 36% - 35% - 17:32
2 - 30% - 30% - 14:36
3 - 31% - 30% - 15:08
4 - 3% - 5% - 1:28
PP Forward
1 - 56% - 60% - 2:38
2 - 44% - 40% - 2:06
PP Defense
1 - 60% - 60% - 2:50
2 - 40% - 40% - 1:54
PK Forward
1 - 77% - 60% - 5:00
2 - 23% - 40% - 1:32
PK Defense
1 - 64% - 60% - 4:12
2 - 36% - 40% - 2:20
PK3 Forward
1 - 0% - 60%
2 - 0% - 40%
PK3 Defense
1 - 0% - 60%
2 - 0% - 40%
44 Forward
1 - 0% - 60%
2 - 0% - 40%
44 Defense
1 - 0% - 60%
2 - 0% - 40%
Last Minute Offensive - 0:00
Last Minute Defensive - 0:00
Total
Forward - 60:00
Defense - 60:00
|
% Time on Ice - Demolitions
Lines # - Real PCT - Wanted PCT - Time Play
Normal Forward
1 - 34% - 40% - 16:21
2 - 28% - 30% - 13:29
3 - 21% - 20% - 10:21
4 - 18% - 10% - 8:33
Normal Defense
1 - 42% - 40% - 20:14
2 - 32% - 30% - 15:45
3 - 22% - 20% - 10:40
4 - 4% - 10% - 2:05
PP Forward
1 - 55% - 60% - 3:35
2 - 45% - 40% - 2:57
PP Defense
1 - 65% - 60% - 4:15
2 - 35% - 40% - 2:17
PK Forward
1 - 79% - 60% - 3:44
2 - 21% - 40% - 1:00
PK Defense
1 - 70% - 60% - 3:19
2 - 30% - 40% - 1:25
PK3 Forward
1 - 0% - 60%
2 - 0% - 40%
PK3 Defense
1 - 0% - 60%
2 - 0% - 40%
44 Forward
1 - 0% - 60%
2 - 0% - 40%
44 Defense
1 - 0% - 60%
2 - 0% - 40%
Last Minute Offensive - 0:00
Last Minute Defensive - 0:00
Total
Forward - 60:00
Defense - 60:00
|
Play by Play
1st period
0:01 of 1st period - Sam Gagner wins face-off versus T.J. Hensick in neutral zone.
0:10 of 1st period - Snap shot by T.J. Hensick.
0:10 of 1st period - Shot Blocked by Nate Prosser.
0:12 of 1st period - Slapshot by Matt Corrente.
0:12 of 1st period - Deflect By Marcel Hossa.
0:12 of 1st period - Goal by Marcel Hossa - Blackdemons : 0 - Demolitions : 1.
0:13 of 1st period - Ryan Craig wins face-off versus Shawn Matthias in neutral zone.
1:07 of 1st period - Kyle Wharton is hit by Sam Gagner and loses puck.
1:18 of 1st period - Backhand shot by Steven Zalewski.
1:18 of 1st period - Stopped by Chad Johnson without a rebound.
1:19 of 1st period - Steven Zalewski wins face-off versus Petr Vrana in Demolitions zone.
1:33 of 1st period - Wrist shot by Petr Vrana.
1:33 of 1st period - Shot Misses the Net.
1:35 of 1st period - Slapshot by Matt Corrente.
1:35 of 1st period - Shot Blocked by Steven Zalewski.
1:53 of 1st period - Slapshot by Denis Hamel.
1:53 of 1st period - Shot Misses the Net.
1:55 of 1st period - Slapshot by Nate Prosser.
1:55 of 1st period - Shot Blocked by Robert Bortuzzo.
2:28 of 1st period - Marc-André Cliche is hit by Nicolas Blanchard and loses puck.
2:47 of 1st period - Steve Oleksy is hit by Petr Vrana and loses puck.
3:11 of 1st period - Matt Corrente is hit by Frazer Mclaren and loses puck.
3:52 of 1st period - Nicolas Blanchard is hit by Matt Calvert and loses puck.
4:02 of 1st period - Icing by Nicolas Blanchard.
4:03 of 1st period - Nicolas Blanchard wins face-off versus Tomas Kopecky in Demolitions zone.
4:14 of 1st period - Slapshot by Marcel Hossa.
4:14 of 1st period - Shot Blocked by Andrew MacDonald.
4:16 of 1st period - Wrist shot by T.J. Hensick.
4:16 of 1st period - Shot Blocked by Andrew MacDonald.
4:18 of 1st period - Slapshot by Anssi Salmela.
4:18 of 1st period - Deflect By Tomas Kopecky.
4:18 of 1st period - Stopped by Marc Denis with a rebound.
4:50 of 1st period - Slapshot by Andrew MacDonald.
4:50 of 1st period - Shot Blocked by Bobby Butler.
4:52 of 1st period - Snap shot by Steven Zalewski.
4:52 of 1st period - Shot Blocked by Nicolas Blanchard.
4:56 of 1st period - Wrist shot by Andrew MacDonald.
4:56 of 1st period - Shot Misses the Net.
4:58 of 1st period - Slapshot by Andrew MacDonald.
4:58 of 1st period - Shot Blocked by Nicolas Blanchard.
5:00 of 1st period - Wrist shot by Steven Zalewski.
5:00 of 1st period - Stopped by Chad Johnson without a rebound.
5:01 of 1st period - Shawn Matthias wins face-off versus T.J. Hensick in Demolitions zone.
5:02 of 1st period - Wrist shot by Tomas Kopecky.
5:02 of 1st period - Stopped by Chad Johnson with a rebound.
5:04 of 1st period - Snap shot by Tomas Kopecky.
5:04 of 1st period - Shot Blocked by Anton Babchuk.
5:33 of 1st period - Nate Prosser is hit by Troy Brouwer and loses puck.
6:20 of 1st period - Wrist shot by Nicolas Blanchard.
6:20 of 1st period - Stopped by Marc Denis with a rebound.
6:22 of 1st period - Snap shot by Kyle Wharton.
6:22 of 1st period - Shot Blocked by Steve Oleksy.
6:34 of 1st period - Snap shot by Ryan Craig.
6:34 of 1st period - Goal by Ryan Craig - Blackdemons : 0 - Demolitions : 2.
6:35 of 1st period - Anthony Stewart wins face-off versus Sam Gagner in neutral zone.
6:42 of 1st period - Wrist shot by Marcel Hossa.
6:42 of 1st period - Shot Misses the Net.
6:44 of 1st period - Wrist shot by Anton Babchuk.
6:44 of 1st period - Stopped by Marc Denis with a rebound.
6:46 of 1st period - Slapshot by Matt Corrente.
6:46 of 1st period - Stopped by Marc Denis with a rebound.
6:48 of 1st period - Snap shot by Marcel Hossa.
6:48 of 1st period - Shot Blocked by Matt Hunwick.
7:49 of 1st period - Slapshot by Marc-André Cliche.
7:49 of 1st period - Stopped by Chad Johnson without a rebound.
7:50 of 1st period - T.J. Hensick wins face-off versus Sam Gagner in Demolitions zone.
8:55 of 1st period - Slapshot by Michael Kostka.
8:55 of 1st period - Deflect By Petr Vrana.
8:55 of 1st period - Stopped by Chad Johnson with a rebound.
9:03 of 1st period - Snap shot by Mike Duco.
9:03 of 1st period - Shot Misses the Net.
9:05 of 1st period - Slapshot by Michael Kostka.
9:05 of 1st period - Shot Misses the Net.
9:07 of 1st period - Slapshot by Nate Prosser.
9:07 of 1st period - Shot Misses the Net.
9:25 of 1st period - Snap shot by Marcel Hossa.
9:25 of 1st period - Shot Blocked by Jakub Kindl.
9:27 of 1st period - Slapshot by Anssi Salmela.
9:27 of 1st period - Shot Misses the Net.
9:37 of 1st period - Brandon Bochenski is hit by Denis Hamel and loses puck.
9:42 of 1st period - Wrist shot by Shawn Matthias.
9:42 of 1st period - Goal by Shawn Matthias - Blackdemons : 1 - Demolitions : 2.
9:43 of 1st period - Sam Gagner wins face-off versus T.J. Hensick in neutral zone.
10:16 of 1st period - Snap shot by Ryan Craig.
10:16 of 1st period - Shot Misses the Net.
10:32 of 1st period - Matt Hunwick is hit by Marc-André Bernier and loses puck.
10:51 of 1st period - Wrist shot by Mike Duco.
10:51 of 1st period - Shot Misses the Net.
10:55 of 1st period - Snap shot by Matt Calvert.
10:55 of 1st period - Shot Blocked by Marc-André Bernier.
10:57 of 1st period - Wrist shot by Mike Duco.
10:57 of 1st period - Shot Blocked by Nicolas Blanchard.
10:59 of 1st period - Snap shot by Steve Oleksy.
10:59 of 1st period - Stopped by Chad Johnson with a rebound.
11:01 of 1st period - Wrist shot by Matt Hunwick.
11:01 of 1st period - Stopped by Chad Johnson with a rebound.
11:18 of 1st period - Off-side.
11:19 of 1st period - Shawn Matthias wins face-off versus T.J. Hensick in neutral zone.
11:22 of 1st period - Wrist shot by Tomas Kopecky.
11:22 of 1st period - Stopped by Chad Johnson with a rebound.
11:44 of 1st period - Anton Babchuk is hit by Enver Lisin and loses puck.
11:57 of 1st period - Wrist shot by Enver Lisin.
11:57 of 1st period - Stopped by Chad Johnson without a rebound.
11:58 of 1st period - T.J. Hensick wins face-off versus Shawn Matthias in Demolitions zone.
13:00 of 1st period - Snap shot by Troy Brouwer.
13:00 of 1st period - Stopped by Marc Denis with a rebound.
13:34 of 1st period - Slapshot by Cal Clutterbuck.
13:34 of 1st period - Stopped by Marc Denis without a rebound.
13:35 of 1st period - Vince Rocco wins face-off versus Shawn Matthias in Blackdemons zone.
13:52 of 1st period - Slapshot by Denis Hamel.
13:52 of 1st period - Shot Misses the Net.
14:05 of 1st period - Slapshot by Denis Hamel.
14:05 of 1st period - Goal by Denis Hamel - Blackdemons : 2 - Demolitions : 2.
14:06 of 1st period - Sam Gagner wins face-off versus T.J. Hensick in neutral zone.
14:09 of 1st period - Wrist shot by Enver Lisin.
14:09 of 1st period - Shot Misses the Net.
14:17 of 1st period - Wrist shot by Sam Gagner.
14:17 of 1st period - Shot Misses the Net.
14:31 of 1st period - Denis Hamel is hit by Matt Corrente and loses puck.
15:59 of 1st period - Slapshot by Ryan Craig.
15:59 of 1st period - Goal by Ryan Craig - Blackdemons : 2 - Demolitions : 3.
16:00 of 1st period - T.J. Hensick wins face-off versus Shawn Matthias in neutral zone.
16:31 of 1st period - Wrist shot by Brandon Bochenski.
16:31 of 1st period - Shot Misses the Net.
16:33 of 1st period - Snap shot by Brandon Bochenski.
16:33 of 1st period - Shot Blocked by Antoine Roussel.
16:35 of 1st period - Slapshot by Ryan Craig.
16:35 of 1st period - Shot Misses the Net.
16:37 of 1st period - Slapshot by Troy Brouwer.
16:37 of 1st period - Shot Misses the Net.
16:39 of 1st period - Slapshot by Troy Brouwer.
16:39 of 1st period - Shot Misses the Net.
17:11 of 1st period - Snap shot by Tomas Kopecky.
17:11 of 1st period - Stopped by Chad Johnson with a rebound.
17:13 of 1st period - Slapshot by Nate Prosser.
17:13 of 1st period - Shot Misses the Net.
17:15 of 1st period - Backhand shot by Shawn Matthias.
17:15 of 1st period - Shot Blocked by Anssi Salmela.
17:17 of 1st period - Slapshot by Shawn Matthias.
17:17 of 1st period - Stopped by Chad Johnson with a rebound.
17:54 of 1st period - Marcel Hossa is hit by Antoine Roussel and loses puck.
18:21 of 1st period - Michael Haley is hit by Anssi Salmela and loses puck.
18:26 of 1st period - Snap shot by T.J. Hensick.
18:26 of 1st period - Shot Misses the Net.
18:28 of 1st period - Wrist shot by Anthony Stewart.
18:28 of 1st period - Shot Blocked by Jakub Kindl.
18:30 of 1st period - Wrist shot by Marcel Hossa.
18:30 of 1st period - Stopped by Marc Denis with a rebound.
18:32 of 1st period - Wrist shot by T.J. Hensick.
18:32 of 1st period - Shot Misses the Net.
18:40 of 1st period - Wrist shot by Marcel Hossa.
18:40 of 1st period - Stopped by Marc Denis with a rebound.
18:42 of 1st period - Snap shot by Anthony Stewart.
18:42 of 1st period - Goal by Anthony Stewart - Blackdemons : 2 - Demolitions : 4.
18:42 of 1st period - Kevin Weekes enters game.
18:43 of 1st period - Sam Gagner wins face-off versus Ryan Craig in neutral zone.
18:46 of 1st period - Anton Babchuk is hit by Nate Prosser and loses puck.
19:10 of 1st period - Anton Babchuk is hit by Michael Kostka and loses puck.
Goals for this period are 2 for Blackdemons vs 4 for Demolitions.
Shots for this period are 13 for Blackdemons vs 12 for Demolitions.
2nd period
0:01 of 2nd period - T.J. Hensick wins face-off versus Sam Gagner in neutral zone.
0:12 of 2nd period - Slapshot by Marcel Hossa.
0:12 of 2nd period - Stopped by Kevin Weekes without a rebound.
0:13 of 2nd period - Shawn Matthias wins face-off versus T.J. Hensick in Blackdemons zone.
0:18 of 2nd period - Slapshot by Matt Hunwick.
0:18 of 2nd period - Stopped by Chad Johnson without a rebound.
0:19 of 2nd period - Shawn Matthias wins face-off versus T.J. Hensick in Demolitions zone.
0:28 of 2nd period - Wrist shot by Shawn Matthias.
0:28 of 2nd period - Shot Misses the Net.
0:32 of 2nd period - Slapshot by Denis Hamel.
0:32 of 2nd period - Goal by Denis Hamel - Blackdemons : 3 - Demolitions : 4.
0:33 of 2nd period - Ryan Craig wins face-off versus Sam Gagner in neutral zone.
0:35 of 2nd period - Minor Penalty to Matt Corrente for Cross-checking.
0:36 of 2nd period - T.J. Hensick wins face-off versus Sam Gagner in Demolitions zone.
0:44 of 2nd period - Snap shot by Tomas Kopecky.
0:44 of 2nd period - Shot Blocked by Anton Babchuk.
0:46 of 2nd period - Snap shot by Nate Prosser.
0:46 of 2nd period - Deflect By T.J. Hensick.
0:46 of 2nd period - Goal by Nate Prosser - Blackdemons : 4 - Demolitions : 4.
0:47 of 2nd period - Ryan Craig wins face-off versus Sam Gagner in neutral zone.
1:17 of 2nd period - Snap shot by T.J. Hensick.
1:17 of 2nd period - Shot Blocked by Matt Hunwick.
1:41 of 2nd period - Wrist shot by Bobby Butler.
1:41 of 2nd period - Shot Misses the Net.
1:53 of 2nd period - Slapshot by Matt Hunwick.
1:53 of 2nd period - Stopped by Chad Johnson without a rebound.
1:54 of 2nd period - Steven Zalewski wins face-off versus Vince Rocco in Demolitions zone.
1:55 of 2nd period - Slapshot by Andrew MacDonald.
1:55 of 2nd period - Stopped by Chad Johnson with a rebound.
2:09 of 2nd period - Snap shot by Petr Vrana.
2:09 of 2nd period - Shot Blocked by Steven Zalewski.
2:11 of 2nd period - Wrist shot by Cal Clutterbuck.
2:11 of 2nd period - Goal by Cal Clutterbuck - Blackdemons : 4 - Demolitions : 5.
2:12 of 2nd period - Sam Gagner wins face-off versus T.J. Hensick in neutral zone.
2:24 of 2nd period - Wrist shot by Anton Babchuk.
2:24 of 2nd period - Goal by Anton Babchuk - Blackdemons : 4 - Demolitions : 6.
2:25 of 2nd period - Tomas Kopecky wins face-off versus Ryan Craig in neutral zone.
2:30 of 2nd period - Anton Babchuk is hit by Tomas Kopecky and loses puck.
2:55 of 2nd period - Snap shot by Ryan Craig.
2:55 of 2nd period - Stopped by Kevin Weekes with a rebound.
2:57 of 2nd period - Slapshot by Ryan Craig.
2:57 of 2nd period - Goal by Ryan Craig - Blackdemons : 4 - Demolitions : 7.
2:58 of 2nd period - T.J. Hensick wins face-off versus Sam Gagner in neutral zone.
3:01 of 2nd period - Snap shot by Marcel Hossa.
3:01 of 2nd period - Stopped by Kevin Weekes with a rebound.
3:09 of 2nd period - Antoine Roussel is hit by Matt Corrente and loses puck.
4:07 of 2nd period - Snap shot by Steven Zalewski.
4:07 of 2nd period - Stopped by Chad Johnson with a rebound.
4:27 of 2nd period - Icing by Petr Vrana.
4:28 of 2nd period - Sam Gagner wins face-off versus Vince Rocco in Demolitions zone.
4:43 of 2nd period - Snap shot by Petr Vrana.
4:43 of 2nd period - Shot Misses the Net.
4:49 of 2nd period - Snap shot by Cal Clutterbuck.
4:49 of 2nd period - Stopped by Kevin Weekes without a rebound.
4:50 of 2nd period - Shawn Matthias wins face-off versus T.J. Hensick in Blackdemons zone.
4:59 of 2nd period - Slapshot by Michael Kostka.
4:59 of 2nd period - Shot Blocked by Matt Corrente.
5:30 of 2nd period - Minor Penalty to Antoine Roussel for Hooking.
5:31 of 2nd period - T.J. Hensick wins face-off versus Shawn Matthias in Blackdemons zone.
7:30 of 2nd period - Penalty to Antoine Roussel is over, Antoine Roussel is back on ice.
7:38 of 2nd period - Slapshot by Antoine Roussel.
7:38 of 2nd period - Stopped by Chad Johnson with a rebound.
8:00 of 2nd period - Icing by Anton Babchuk.
8:01 of 2nd period - Nicolas Blanchard wins face-off versus Marc-André Cliche in Demolitions zone.
8:12 of 2nd period - Wrist shot by Nicolas Blanchard.
8:12 of 2nd period - Stopped by Kevin Weekes without a rebound.
8:13 of 2nd period - Sam Gagner wins face-off versus T.J. Hensick in Blackdemons zone.
8:29 of 2nd period - Matt Hunwick is hit by Marcel Hossa and loses puck.
8:50 of 2nd period - Icing by Matt Hunwick.
8:51 of 2nd period - Ryan Craig wins face-off versus Steven Zalewski in Blackdemons zone.
8:53 of 2nd period - Minor Penalty to Nicholas D'Agostino for Interference.
8:54 of 2nd period - Sam Gagner wins face-off versus T.J. Hensick in Demolitions zone.
10:11 of 2nd period - Icing by Jakub Kindl.
10:12 of 2nd period - Anthony Stewart wins face-off versus Enver Lisin in Blackdemons zone.
10:53 of 2nd period - Penalty to Nicholas D'Agostino is over, Nicholas D'Agostino is back on ice.
11:15 of 2nd period - Wrist shot by Nicolas Blanchard.
11:15 of 2nd period - Goal by Nicolas Blanchard - Blackdemons : 4 - Demolitions : 8.
11:15 of 2nd period - Marc Denis enters game.
11:16 of 2nd period - Shawn Matthias wins face-off versus T.J. Hensick in neutral zone.
12:49 of 2nd period - Wrist shot by Cal Clutterbuck.
12:49 of 2nd period - Shot Misses the Net.
12:51 of 2nd period - Slapshot by Anssi Salmela.
12:51 of 2nd period - Deflect By Cal Clutterbuck.
12:51 of 2nd period - Shot Blocked by Shawn Matthias.
12:51 of 2nd period - Puck is out of play.
12:52 of 2nd period - Sam Gagner wins face-off versus Ryan Craig in Blackdemons zone.
12:52 of 2nd period - Sam Gagner is hit by Nicholas D'Agostino.
13:40 of 2nd period - Snap shot by Steven Zalewski.
13:40 of 2nd period - Deflect By Frazer Mclaren.
13:40 of 2nd period - Stopped by Chad Johnson with a rebound.
13:44 of 2nd period - Slapshot by Michael Kostka.
13:44 of 2nd period - Shot Misses the Net.
13:46 of 2nd period - Slapshot by Michael Kostka.
13:46 of 2nd period - Stopped by Chad Johnson without a rebound.
13:47 of 2nd period - T.J. Hensick wins face-off versus Shawn Matthias in Demolitions zone.
13:56 of 2nd period - Snap shot by Marcel Hossa.
13:56 of 2nd period - Stopped by Marc Denis with a rebound.
13:58 of 2nd period - Slapshot by Kyle Wharton.
13:58 of 2nd period - Deflect By Marcel Hossa.
13:58 of 2nd period - Stopped by Marc Denis without a rebound.
13:59 of 2nd period - T.J. Hensick wins face-off versus Shawn Matthias in Blackdemons zone.
14:05 of 2nd period - Minor Penalty to Tomas Kopecky for Roughing.
14:06 of 2nd period - T.J. Hensick wins face-off versus Shawn Matthias in Blackdemons zone.
14:06 of 2nd period - Snap shot by Marcel Hossa.
14:06 of 2nd period - Deflect By Anthony Stewart.
14:06 of 2nd period - Stopped by Marc Denis with a rebound.
14:08 of 2nd period - Slapshot by Matt Corrente.
14:08 of 2nd period - Deflect By Michael Kostka.
14:08 of 2nd period - Stopped by Marc Denis without a rebound.
14:09 of 2nd period - T.J. Hensick wins face-off versus Shawn Matthias in Blackdemons zone.
14:12 of 2nd period - Wrist shot by Marcel Hossa.
14:12 of 2nd period - Shot Blocked by Denis Hamel.
14:14 of 2nd period - Slapshot by Matt Corrente.
14:14 of 2nd period - Shot Blocked by Denis Hamel.
14:20 of 2nd period - Wrist shot by T.J. Hensick.
14:20 of 2nd period - Stopped by Marc Denis with a rebound.
14:22 of 2nd period - Wrist shot by Anthony Stewart.
14:22 of 2nd period - Stopped by Marc Denis with a rebound.
14:24 of 2nd period - Slapshot by T.J. Hensick.
14:24 of 2nd period - Deflect By Marcel Hossa.
14:24 of 2nd period - Stopped by Marc Denis with a rebound.
14:38 of 2nd period - Snap shot by Anton Babchuk.
14:38 of 2nd period - Stopped by Marc Denis without a rebound.
14:39 of 2nd period - T.J. Hensick wins face-off versus Shawn Matthias in Blackdemons zone.
14:40 of 2nd period - Snap shot by Marcel Hossa.
14:40 of 2nd period - Deflect By Anthony Stewart.
14:40 of 2nd period - Goal by Anthony Stewart - Blackdemons : 4 - Demolitions : 9.
14:41 of 2nd period - Shawn Matthias wins face-off versus T.J. Hensick in neutral zone.
14:50 of 2nd period - Snap shot by Tomas Kopecky.
14:50 of 2nd period - Stopped by Chad Johnson without a rebound.
14:51 of 2nd period - Anthony Stewart wins face-off versus Shawn Matthias in Demolitions zone.
15:17 of 2nd period - Wrist shot by T.J. Hensick.
15:17 of 2nd period - Stopped by Marc Denis with a rebound.
15:37 of 2nd period - Snap shot by Tomas Kopecky.
15:37 of 2nd period - Shot Misses the Net.
15:47 of 2nd period - Wrist shot by Marcel Hossa.
15:47 of 2nd period - Stopped by Marc Denis with a rebound.
15:55 of 2nd period - Snap shot by Anthony Stewart.
15:55 of 2nd period - Shot Misses the Net.
16:07 of 2nd period - Slapshot by Andrew MacDonald.
16:07 of 2nd period - Shot Blocked by Marcel Hossa.
16:17 of 2nd period - Snap shot by T.J. Hensick.
16:17 of 2nd period - Shot Misses the Net.
16:19 of 2nd period - Snap shot by Marcel Hossa.
16:19 of 2nd period - Shot Misses the Net.
16:21 of 2nd period - Slapshot by Anton Babchuk.
16:21 of 2nd period - Stopped by Marc Denis without a rebound.
16:22 of 2nd period - Sam Gagner wins face-off versus Ryan Craig in Blackdemons zone.
16:29 of 2nd period - Slapshot by Enver Lisin.
16:29 of 2nd period - Stopped by Chad Johnson with a rebound.
16:31 of 2nd period - Wrist shot by Sam Gagner.
16:31 of 2nd period - Shot Misses the Net.
16:33 of 2nd period - Slapshot by Antoine Roussel.
16:33 of 2nd period - Goal by Antoine Roussel - Blackdemons : 5 - Demolitions : 9.
16:34 of 2nd period - Ryan Craig wins face-off versus Sam Gagner in neutral zone.
16:49 of 2nd period - Slapshot by Enver Lisin.
16:49 of 2nd period - Stopped by Chad Johnson without a rebound.
16:50 of 2nd period - Sam Gagner wins face-off versus Nicolas Blanchard in Demolitions zone.
16:51 of 2nd period - Wrist shot by Enver Lisin.
16:51 of 2nd period - Shot Misses the Net.
16:53 of 2nd period - Wrist shot by Antoine Roussel.
16:53 of 2nd period - Stopped by Chad Johnson with a rebound.
16:59 of 2nd period - Snap shot by Sam Gagner.
16:59 of 2nd period - Stopped by Chad Johnson with a rebound.
17:01 of 2nd period - Slapshot by Steve Oleksy.
17:01 of 2nd period - Shot Misses the Net.
17:03 of 2nd period - Snap shot by Antoine Roussel.
17:03 of 2nd period - Shot Misses the Net.
17:13 of 2nd period - Steve Oleksy is hit by Ryan Craig and loses puck.
17:32 of 2nd period - Snap shot by Ryan Craig.
17:32 of 2nd period - Stopped by Marc Denis with a rebound.
17:34 of 2nd period - Snap shot by Petr Vrana.
17:34 of 2nd period - Stopped by Marc Denis with a rebound.
17:36 of 2nd period - Slapshot by Kyle Wharton.
17:36 of 2nd period - Stopped by Marc Denis with a rebound.
17:40 of 2nd period - Snap shot by Petr Vrana.
17:40 of 2nd period - Stopped by Marc Denis with a rebound.
17:42 of 2nd period - Snap shot by Petr Vrana.
17:42 of 2nd period - Stopped by Marc Denis with a rebound.
17:44 of 2nd period - Wrist shot by Petr Vrana.
17:44 of 2nd period - Stopped by Marc Denis with a rebound.
17:56 of 2nd period - Nate Prosser is hit by Robert Bortuzzo and loses puck.
18:06 of 2nd period - Minor Penalty to Denis Hamel for Slashing.
18:07 of 2nd period - T.J. Hensick wins face-off versus Shawn Matthias in Blackdemons zone.
18:33 of 2nd period - Tomas Kopecky is hit by Anton Babchuk.
18:39 of 2nd period - Icing by Anton Babchuk.
18:40 of 2nd period - Ryan Craig wins face-off versus Shawn Matthias in Demolitions zone.
19:03 of 2nd period - Slapshot by Ryan Craig.
19:03 of 2nd period - Stopped by Marc Denis without a rebound.
19:04 of 2nd period - Enver Lisin wins face-off versus T.J. Hensick in Blackdemons zone.
19:57 of 2nd period - Sam Gagner is hit by Ryan Craig.
Goals for this period are 3 for Blackdemons vs 5 for Demolitions.
Shots for this period are 15 for Blackdemons vs 28 for Demolitions.
3rd period
0:01 of 3rd period - Shawn Matthias wins face-off versus Marcel Hossa in neutral zone.
0:04 of 3rd period - T.J. Hensick is hit by Michael Kostka and loses puck.
0:06 of 3rd period - Penalty to Denis Hamel is over, Denis Hamel is back on ice.
0:27 of 3rd period - Antoine Roussel is hit by Brandon Bochenski and loses puck.
0:38 of 3rd period - Snap shot by Troy Brouwer.
0:38 of 3rd period - Shot Misses the Net.
0:54 of 3rd period - Wrist shot by Enver Lisin.
0:54 of 3rd period - Shot Misses the Net.
0:56 of 3rd period - Snap shot by Nate Prosser.
0:56 of 3rd period - Stopped by Chad Johnson with a rebound.
0:58 of 3rd period - Snap shot by Mike Duco.
0:58 of 3rd period - Shot Blocked by Kyle Wharton.
1:12 of 3rd period - Snap shot by Tomas Kopecky.
1:12 of 3rd period - Shot Misses the Net.
1:14 of 3rd period - Slapshot by Nate Prosser.
1:14 of 3rd period - Shot Misses the Net.
1:16 of 3rd period - Slapshot by Michael Kostka.
1:16 of 3rd period - Deflect By Petr Vrana.
1:16 of 3rd period - Stopped by Chad Johnson with a rebound.
1:18 of 3rd period - Snap shot by Nate Prosser.
1:18 of 3rd period - Shot Blocked by Robert Bortuzzo.
1:20 of 3rd period - Slapshot by Michael Kostka.
1:20 of 3rd period - Stopped by Chad Johnson without a rebound.
1:21 of 3rd period - Sam Gagner wins face-off versus T.J. Hensick in Demolitions zone.
1:47 of 3rd period - Anton Babchuk is hit by Shawn Matthias and loses puck.
2:15 of 3rd period - Minor Penalty to Anssi Salmela for Slashing.
2:16 of 3rd period - T.J. Hensick wins face-off versus Sam Gagner in Demolitions zone.
2:41 of 3rd period - Marcel Hossa is hit by Enver Lisin and loses puck.
2:46 of 3rd period - Wrist shot by Shawn Matthias.
2:46 of 3rd period - Shot Misses the Net.
2:50 of 3rd period - Snap shot by Denis Hamel.
2:50 of 3rd period - Goal by Denis Hamel - Blackdemons : 6 - Demolitions : 9.
2:51 of 3rd period - Ryan Craig wins face-off versus Sam Gagner in neutral zone.
3:21 of 3rd period - Off-side.
3:22 of 3rd period - Shawn Matthias wins face-off versus T.J. Hensick in neutral zone.
5:19 of 3rd period - Wrist shot by Marc-André Bernier.
5:19 of 3rd period - Deflect By Nicolas Blanchard.
5:19 of 3rd period - Shot Blocked by Antoine Roussel.
5:19 of 3rd period - Puck is out of play.
5:20 of 3rd period - Sam Gagner wins face-off versus T.J. Hensick in Blackdemons zone.
5:45 of 3rd period - Ryan Craig is hit by Denis Hamel and loses puck.
5:49 of 3rd period - Icing by Kyle Wharton.
5:50 of 3rd period - Shawn Matthias wins face-off versus Ryan Craig in Demolitions zone.
6:01 of 3rd period - Slapshot by Ryan Craig.
6:01 of 3rd period - Shot Misses the Net.
6:07 of 3rd period - Snap shot by Troy Brouwer.
6:07 of 3rd period - Shot Misses the Net.
6:15 of 3rd period - Snap shot by Brandon Bochenski.
6:15 of 3rd period - Stopped by Marc Denis without a rebound.
6:16 of 3rd period - Sam Gagner wins face-off versus T.J. Hensick in Blackdemons zone.
6:21 of 3rd period - Slapshot by Nate Prosser.
6:21 of 3rd period - Shot Misses the Net.
6:23 of 3rd period - Snap shot by Sam Gagner.
6:23 of 3rd period - Shot Misses the Net.
6:25 of 3rd period - Snap shot by Enver Lisin.
6:25 of 3rd period - Stopped by Chad Johnson with a rebound.
6:27 of 3rd period - Snap shot by Antoine Roussel.
6:27 of 3rd period - Goal by Antoine Roussel - Blackdemons : 7 - Demolitions : 9.
6:28 of 3rd period - T.J. Hensick wins face-off versus Sam Gagner in neutral zone.
7:12 of 3rd period - Wrist shot by Nicolas Blanchard.
7:12 of 3rd period - Deflect By Bobby Butler.
7:12 of 3rd period - Stopped by Marc Denis with a rebound.
7:14 of 3rd period - Snap shot by Anton Babchuk.
7:14 of 3rd period - Shot Blocked by Andrew MacDonald.
7:22 of 3rd period - Snap shot by Marc-André Bernier.
7:22 of 3rd period - Shot Misses the Net.
7:32 of 3rd period - Wrist shot by Cal Clutterbuck.
7:32 of 3rd period - Shot Misses the Net.
7:35 of 3rd period - Icing by Andrew MacDonald.
7:36 of 3rd period - Michael Haley wins face-off versus Vince Rocco in Blackdemons zone.
7:51 of 3rd period - Snap shot by Steven Zalewski.
7:51 of 3rd period - Shot Misses the Net.
9:13 of 3rd period - Wrist shot by Michael Haley.
9:13 of 3rd period - Stopped by Chad Johnson with a rebound.
9:27 of 3rd period - Anton Babchuk is hit by Shawn Matthias and loses puck.
9:48 of 3rd period - Minor Penalty to Matt Corrente for Holding.
9:49 of 3rd period - Sam Gagner wins face-off versus Marcel Hossa in Demolitions zone.
10:02 of 3rd period - Snap shot by Antoine Roussel.
10:02 of 3rd period - Shot Misses the Net.
10:16 of 3rd period - Anton Babchuk is hit by Denis Hamel and loses puck.
11:48 of 3rd period - Penalty to Matt Corrente is over, Matt Corrente is back on ice.
11:49 of 3rd period - Matt Corrente is hit by Andrew MacDonald and loses puck.
12:02 of 3rd period - Slapshot by Matt Hunwick.
12:02 of 3rd period - Deflect By Marcel Hossa.
12:02 of 3rd period - Stopped by Chad Johnson with a rebound.
12:28 of 3rd period - Slapshot by Marc-André Cliche.
12:28 of 3rd period - Stopped by Chad Johnson with a rebound.
13:22 of 3rd period - Snap shot by Marc-André Cliche.
13:22 of 3rd period - Stopped by Chad Johnson with a rebound.
13:34 of 3rd period - Antoine Roussel is hit by Marc-André Bernier and loses puck.
13:49 of 3rd period - Wrist shot by Antoine Roussel.
13:49 of 3rd period - Stopped by Chad Johnson without a rebound.
13:50 of 3rd period - Vince Rocco wins face-off versus Marc-André Cliche in Demolitions zone.
13:55 of 3rd period - Steve Oleksy is hit by Petr Vrana and loses puck.
14:04 of 3rd period - Wrist shot by Cal Clutterbuck.
14:04 of 3rd period - Shot Blocked by Steve Oleksy.
14:14 of 3rd period - Troy Brouwer is hit by Denis Hamel and loses puck.
15:05 of 3rd period - Slapshot by Marc-André Bernier.
15:05 of 3rd period - Stopped by Marc Denis with a rebound.
15:24 of 3rd period - Snap shot by Tomas Kopecky.
15:24 of 3rd period - Stopped by Chad Johnson with a rebound.
16:03 of 3rd period - Minor Penalty to Marc-André Cliche for Roughing.
16:04 of 3rd period - Shawn Matthias wins face-off versus T.J. Hensick in Blackdemons zone.
16:15 of 3rd period - Snap shot by T.J. Hensick.
16:15 of 3rd period - Shot Misses the Net.
16:17 of 3rd period - Snap shot by Anthony Stewart.
16:17 of 3rd period - Deflect By Marcel Hossa.
16:17 of 3rd period - Shot Blocked by Shawn Matthias.
16:17 of 3rd period - Puck is out of play.
16:18 of 3rd period - T.J. Hensick wins face-off versus Shawn Matthias in Blackdemons zone.
16:33 of 3rd period - Wrist shot by Marcel Hossa.
16:33 of 3rd period - Shot Blocked by Shawn Matthias.
16:49 of 3rd period - Slapshot by Anton Babchuk.
16:49 of 3rd period - Stopped by Marc Denis with a rebound.
16:51 of 3rd period - Snap shot by Brandon Bochenski.
16:51 of 3rd period - Shot Misses the Net.
16:53 of 3rd period - Slapshot by Anton Babchuk.
16:53 of 3rd period - Shot Misses the Net.
17:16 of 3rd period - Michael Haley is hit by Anssi Salmela and loses puck.
18:03 of 3rd period - Penalty to Marc-André Cliche is over, Marc-André Cliche is back on ice.
18:22 of 3rd period - Snap shot by Matt Corrente.
18:22 of 3rd period - Shot Blocked by Andrew MacDonald.
18:30 of 3rd period - Vince Rocco is hit by Denis Hamel and loses puck.
18:47 of 3rd period - Robert Bortuzzo is hit by Denis Hamel.
19:02 of 3rd period - Nicolas Blanchard is hit by Steve Oleksy and loses puck.
19:20 of 3rd period - Icing by Sam Gagner.
19:21 of 3rd period - Bobby Butler wins face-off versus Sam Gagner in Blackdemons zone.
19:57 of 3rd period - Marc-André Cliche is hit by Troy Brouwer and loses puck.
Goals for this period are 2 for Blackdemons vs 0 for Demolitions.
Shots for this period are 12 for Blackdemons vs 4 for Demolitions.
Output by the SimonT Hockey Simulator (STHS) for François Prévost -- Original Page W3C XHTML 1.0 Valid